 Dungeon Crawl Stone Soup version 0.19.1-1-g22dce08 (webtiles) character file.

98 Macro the Shield-Bearer (level 5, -5/36 HPs)
             Began as a Halfling Fighter on Jan 11, 2017.
             Killed by divine providence
             ... invoked by an orc priest
              (15 damage)
             ... on level 3 of the Dungeon on Jan 12, 2017.
             The game lasted 00:39:08 (2009 turns).

Macro the Shield-Bearer (Halfling Fighter)          Turns: 2009, Time: 00:39:09

Health: -5/36      AC: 11    Str: 17    XL:     5   Next: 0%
Magic:  5/5        EV:  5    Int:  6    God:
Gold:   52         SH: 10    Dex: 15    Spells: 0 memorised, 4 levels left

rFire  . . .     SeeInvis .     m - -3 short sword (curse)
rCold  . . .     Gourm    .     e - +0 plate armour
rNeg   . . .     Faith    .     c - +0 shield
rPois  .         Spirit   .     (no helmet)
rElec  .         Reflect  .     (no cloak)
rCorr  .         Harm     .     (no gloves)
MR     .....                    (no boots)
Stlth  ..........               (no amulet)
                                (no ring)
                                (no ring)

@: no status effects
A: mutation resistance 1
a: no special abilities


You were on level 3 of the Dungeon.
You were not hungry.

You visited 1 branch of the dungeon, and saw 3 of its levels.

You collected 52 gold pieces.

Inventory:

Hand Weapons
 a - a +0 rapier
 m - a cursed -3 short sword (weapon)
Armour
 b - a +0 scale mail
 c - a +0 shield (worn)
 e - a +0 plate armour (worn)
 l - a +0 ring mail
Scrolls
 h - a scroll of identify
 j - a scroll of enchant weapon
Potions
 d - a potion of might
 k - a potion of mutation {unknown}
 o - a potion of magic {unknown}
Comestibles
 f - 4 bread rations
 i - a meat ration


   Skills:
 + Level 3.0 Fighting
 + Level 3.6 Short Blades
 + Level 3.9 Armour
 - Level 0.4 Dodging
 + Level 4.3 Shields


You had 4 spell levels left.
You didn't know any spells.

Dungeon Overview and Level Annotations

Branches:
Dungeon (3/15)

Altars:
Fedhas

Annotations:
D:2 exclusion: oklob plant


Innate Abilities, Weirdness & Mutations

You are small and have problems with some larger weapons.
You are somewhat resistant to further mutation.


Message History

The hobgoblin is heavily wounded.
You block the hobgoblin's attack.
You hit the hobgoblin but do no damage.
The hobgoblin is heavily wounded.
The hobgoblin closely misses you.
The orc priest mumbles some strange prayers to Beogh against you.
Beogh smites you!
You hit the hobgoblin but do no damage.
The hobgoblin is heavily wounded.
The hobgoblin hits you with a club.
* * * LOW HITPOINT WARNING * * *
You hit the hobgoblin.
The hobgoblin is almost dead.
The hobgoblin hits you but does no damage.
You hit the hobgoblin but do no damage.
The hobgoblin is almost dead.
The hobgoblin barely misses you.
The orc priest invokes the aid of Beogh against you.
Beogh smites you!
You die...

### ..# ## #.#
.. #.#
###.##.#
.#.....o####.#
...(...og@...#
.....#########
##.


You could see an orc priest, an orc and a hobgoblin.

Vanquished Creatures
  An adder (D:2)
  2 oozes (D:1)
  A worm (D:2)
  3 dart slugs
  A leopard gecko (D:2)
  3 orcs (D:3)
  3 giant cockroaches (D:1)
  10 goblins
  5 hobgoblins (D:1)
  7 jackals
  8 kobolds
  3 ball pythons
  10 bats
  2 frilled lizards (D:1)
  6 rats
  A plant (D:2)
66 creatures vanquished.

Vanquished Creatures (others)
  11 toadstools (D:2)
11 creatures vanquished.

Grand Total: 77 creatures vanquished

Notes
Turn   | Place    | Note
-------+----------+-------------------------------------------
     0 | D:1      | Macro the Halfling Fighter began the quest for the Orb.
     0 | D:1      | Reached XP level 1. HP: 15/15 MP: 1/1
    62 | D:1      | Reached XP level 2. HP: 19/20 MP: 2/2
   194 | D:1      | Reached XP level 3. HP: 16/25 MP: 3/3
   595 | D:1      | Reached XP level 4. HP: 25/30 MP: 4/4
   935 | D:2      | Reached skill level 4 in Shields
  1608 | D:2      | Found a blossoming altar of Fedhas.
  1844 | D:2      | Noticed an oklob plant
  1990 | D:3      | Reached XP level 5. HP: 36/36 MP: 5/5
  2009 | D:3      | Killed from afar by an orc priest

Skill      XL: |  1  2  3  4 |
---------------+-------------+-----
Short Blades   | 3 |  3.6
Fighting       | 3 |  3.0
Shields        | 4 |  4.3
Armour         | |  3.9
Dodging        | |  0.4

Action                   |  1- 3 |  4- 6 || total
-------------------------+-------+-------++-------
Melee: Rapier            |   105 |       ||   105
       Short sword       |    70 |   467 ||   537
  Use: Scroll            |     3 |     3 ||     6
       Potion            |     1 |       ||     1
  Eat: Chunk             |       |     2 ||     2
       Meat ration       |       |     1 ||     1
       Royal jelly       |       |     1 ||     1
Armor: Scale mail        |    20 |       ||    20
       Plate armour      |    74 |   116 ||   190
Dodge: Dodged            |    40 |    48 ||    88
Block: Shield            |   114 |   145 ||   259
